 Dungeon Crawl Stone Soup version 0.30.1-11-g7821555f0a (webtiles) character file.

Game seed: 7604492029854345282

955 Roguefish the Skirmisher (level 7, -12/60 HPs)
             Began as a Minotaur Hunter on Nov 5, 2023.
             Was a Believer of Sif Muna.
             Mangled by Prince Ribbit (13 damage)
             ... on level 6 of the Dungeon on Nov 6, 2023.
             The game lasted 00:27:28 (4585 turns).

Roguefish the Skirmisher (Minotaur Hunter)          Turns: 4585, Time: 00:27:29

Health: -12/60     AC: 17    Str: 16    XL:     7   Next: 91%
Magic:  6/6        EV:  9    Int:  6    God:    Sif Muna [**....]
Gold:   192        SH:  0    Dex: 18    Spells: 6/6 levels left

rFire   . . .        a - +0 shortbow
rCold   . . .        (shield currently unavailable)
rNeg    . . .        i - +5 chain mail "Nuizxoipp" {Dex+3}
rPois   .            (helmet restricted)
rElec   .            (no cloak)
rCorr   .            (no gloves)
SInv    .            f - +1 pair of boots {Fly}
Will    .....        (no amulet) Stlth
                     (no ring)
HPRegen 0.30/turn    (no ring)
MPRegen 0.10/turn

%: no passive effects
@: flying
A: horns 2, retaliatory headbutt
a: Renounce Religion, Channel Magic


You were on level 6 of the Dungeon.
You worshipped Sif Muna.
Sif Muna was pleased with you.
You visited 1 branch of the dungeon, and saw 6 of its levels.

You collected 192 gold pieces.

Inventory:

Hand Weapons
 a - a +0 shortbow (weapon)
Missiles
 w - 11 stones
Armour
 c - a +0 leather armour
 f - a +1 pair of boots of flying (worn)
 i - the +5 chain mail "Nuizxoipp" (worn) {Dex+3}
   (You found it on level 3 of the Dungeon)

   Dex:       It affects your dexterity (+3).
 l - a +0 ring mail
Jewellery
 v - a +6 ring of strength
 x - a +6 ring of dexterity
Wands
 r - a wand of roots (6)
 y - a wand of paralysis (10)
Scrolls
 b - a scroll of immolation
 e - a scroll of summoning {unknown}
 g - 3 scrolls of enchant weapon {unknown}
 k - a scroll of blinking
 n - a scroll of poison {unknown}
 o - a scroll of vulnerability {unknown}
 q - 2 scrolls of enchant armour {unknown}
 s - 3 scrolls of identify
 u - a scroll of amnesia {unknown}
Potions
 d - a potion of heal wounds
 h - 5 potions of curing {unknown}
 j - a potion of attraction {unknown}
 m - 2 potions of haste {unknown}
 p - a potion of degeneration {unknown}
 t - a potion of cancellation {unknown}


   Skills:
 + Level 4.6 Fighting
 + Level 8.6 Ranged Weapons
 + Level 5.1 Armour
 + Level 3.1 Dodging
 + Level 1.2 Stealth


You had 6 spell levels left.
You didn't know any spells.
Your spell library contained the following spells:

 Spells                   Type           Power      Damage    Failure   Level
 Slow                     Hex            0%         N/A       99%         1
 Sting                    Tmut/Pois      0%         1d3       99%         1
 Poisonous Vapours        Pois/Air       0%         N/A       100%        2
 Confusing Touch          Hex            0%         N/A       100%        3
 Vampiric Draining        Necr           0%         2d6       100%        3
 Olgreb's Toxic Radiance  Pois           0%         N/A       100%        4


Dungeon Overview and Level Annotations

Branches:
Dungeon (6/15)             Temple (0/1) D:5

Altars:
Makhleb
Sif Muna
Zin

Shops:
D:2 (   D:5 (

Annotations:
D:6 Prince Ribbit


Innate Abilities, Weirdness & Mutations

You have a pair of horns on your head.
You reflexively headbutt those who attack you in melee.


Message History

There is a stone staircase leading down here.
You fly downwards.
Found a scroll labelled DOMOTO NAV RURE.
There is a stone staircase leading up here.
q - 2 scrolls labelled DOMOTO NAV RURE (gained 1)
You reach down and open the door.
Prince Ribbit comes into view.
Prince Ribbit gives a loud, deep croak!
Fire: a) +0 shortbow
Press: ? - help, Q - select action, (/) - cycle Shift-Dir - straight line, f - Prince Ribbit
Aim: Prince Ribbit (50% to hit)
You shoot an arrow. The arrow hits Prince Ribbit.
Prince Ribbit is lightly wounded.
Prince Ribbit hits you. Prince Ribbit misses you.
You shoot an arrow. The arrow barely misses Prince Ribbit.
Prince Ribbit hits you but does no damage.
Prince Ribbit hits you!
You shoot an arrow. The arrow closely misses Prince Ribbit.
Prince Ribbit hits you! Prince Ribbit barely misses you.
You shoot an arrow. The arrow barely misses Prince Ribbit.
Prince Ribbit hits you but does no damage.
Prince Ribbit hits you!
You shoot an arrow. The arrow closely misses Prince Ribbit.
Prince Ribbit hits you! Prince Ribbit hits you.
* * * LOW HITPOINT WARNING * * *
You shoot an arrow. The arrow barely misses Prince Ribbit.
Prince Ribbit hits you.
* * * LOW HITPOINT WARNING * * *
Prince Ribbit hits you.
* * * LOW HITPOINT WARNING * * *
You shoot an arrow. The arrow hits Prince Ribbit.
Prince Ribbit is moderately wounded.
Prince Ribbit hits you but does no damage.
Prince Ribbit blinks!
Prince Ribbit hits you!
* * * LOW HITPOINT WARNING * * *
Prince Ribbit croaks regally.
Prince Ribbit asks, "Just a little smooch?"
Prince Ribbit hits you!
You die...

##+## ##...##
##.....##
##.......## #
#<........##.#...
+.........'......
#.........##.....
##...@F..## ..#
##.....## #
##...## ##+##


You could see Prince Ribbit.

Vanquished Creatures
  The ghost of raetorn the Changer, an amateur MfTm (D:4)
  Sigmund (D:5)
  A centaur (D:5)
  A phantom (D:5)
  A scorpion (D:5)
  2 orc priests
  2 hounds
  2 jellies (D:4)
  An iguana (D:5)
  6 adders
  3 gnolls (D:5)
  A shadow imp (D:5)
  A white imp (D:5)
  2 dart slugs
  14 orcs
  6 endoplasms
  5 goblins
  4 hobgoblins
  11 jackals
  4 quokkas
  9 ball pythons
  3 bats
  A frilled lizard (D:3)
  4 kobolds
  3 rats
89 creatures vanquished.

Vanquished Creatures (others)
  An orc wizard (D:4)
1 creature vanquished.

Grand Total: 90 creatures vanquished

Notes
Turn   | Place    | Note
-------+----------+-------------------------------------------
     0 | D:1      | Roguefish the Minotaur Hunter began the quest for the Orb.
     0 | D:1      | Reached XP level 1. HP: 18/18 MP: 0/0
    73 | D:1      | Reached XP level 2. HP: 15/25 MP: 1/1
   424 | D:1      | Reached skill level 5 in Ranged Weapons
   968 | D:2      | Reached XP level 3. HP: 30/30 MP: 2/2
  1015 | D:2      | Found Fiduhad's Weapon Boutique.
  1704 | D:3      | Reached skill level 1 in Armour
  1804 | D:3      | Identified the +5 chain mail "Nuizxoipp" {Dex+3}
  1859 | D:3      | Found a burning altar of Makhleb.
  1942 | D:3      | Reached XP level 4. HP: 37/37 MP: 3/3
  2110 | D:3      | Found a faded altar of an unknown god.
  2136 | D:3      | Prayed at the altar of an unknown god.
  2136 | D:3      | Became a worshipper of Sif Muna the Loreminder
  2136 | D:3      | Reached * piety under Sif Muna
  2229 | D:4      | Found a large runed translucent door.
  2229 | D:4      | Found a large runed translucent door.
  2233 | D:4      | Noticed raetorn's ghost (amateur MfTm)
  2304 | D:4      | Killed raetorn's ghost
  2305 | D:4      | Reached skill level 6 in Ranged Weapons
  2305 | D:4      | Reached skill level 1 in Stealth
  2305 | D:4      | Reached XP level 5. HP: 27/45 MP: 4/4
  2522 | D:4      | Reached XP level 6. HP: 37/51 MP: 5/5
  2584 | D:4      | Found a glowing silver altar of Zin.
  3537 | D:5      | Entered Level 5 of the Dungeon
  3552 | D:5      | Reached skill level 7 in Ranged Weapons
  3702 | D:5      | Reached ** piety under Sif Muna
  3719 | D:5      | Found Noafum's Antique Weapon Shoppe.
  3729 | D:5      | Reached XP level 7. HP: 58/58 MP: 6/6
  3787 | D:5      | Noticed Sigmund
  3828 | D:5      | Killed Sigmund
  3829 | D:5      | Reached skill level 8 in Ranged Weapons
  4208 | D:5      | Found a staircase to the Ecumenical Temple.
  4255 | D:5      | Reached skill level 5 in Armour
  4574 | D:6      | Noticed Prince Ribbit
  4583 | D:6      | HP: 1/60 [Prince Ribbit (10)]
  4585 | D:6      | Mangled by Prince Ribbit

Illustrated notes

Levels and vault maps discovered:
D:1:      lightli_arrival_statue_moat, layout_basic, st_stairs_9
D:2:      layout_loops_corners, serial_shops, nicolae_shop_bloodbath_and_beyond
D:3:      layout_basic, bloody_makhleb, shapermc_ecumenical_altar_flowoftime
D:4:      layout_basic, zin_academy, ebering_ghost_disaster_area
D:5:      layout_loops_ring, minmay_temple_entry_antechambers, serial_shops,
          nicolae_shop_tiny_statue_garden, uniq_sigmund
D:6:      layout_loops_corners, general_overflow_altar, uniq_prince_ribbit1

Skill      XL: |  1  2  3  4  5  6  7 |
---------------+----------------------+-----
Ranged Weapons | 5 6 7 8 |  8.6
Armour         | 1 2 4 5 |  5.1
Fighting       | 3 4 |  4.6
Stealth        | 1 |  1.2
Dodging        | 3 |  3.1

Action                     |  1- 3 |  4- 6 |  7- 9 || total
---------------------------+-------+-------+-------++-------
   Fire: Shortbow          |    81 |   123 |    63 ||   267
    Use: Scroll            |     3 |     3 |       ||     6
         Potion            |     2 |     1 |       ||     3
 Armour: Leather armour    |    11 |       |       ||    11
         Chain mail        |     5 |    86 |    41 ||   132
  Dodge: Dodged            |    32 |    54 |    33 ||   119
